 Dungeon Crawl Stone Soup version 0.31-a0-37-g98a128e1d9 (webtiles) character file.

Game seed: 10858448664933818492

12349 ytrimaz the Fighter (level 11, -5/93 HPs)
             Began as a Gnoll Wanderer on May 12, 2023.
             Was a Believer of Cheibriados.
             Slain by a boulder beetle (19 damage)
             ... on level 11 of the Dungeon on May 15, 2023.
             The game lasted 00:18:07 (9694 turns).

ytrimaz the Fighter (Gnoll Wanderer)                Turns: 9694, Time: 00:18:08

Health: -5/93      AC: 17    Str: 18    XL:     11   Next: 92%
Magic:  10/21      EV: 14    Int: 20    God:    Cheibriados [**....]
Gold:   596        SH:  7    Dex: 22    Spells: 16/24 levels left

rFire   + . .        t - +3 scimitar
rCold   . . .        c - +0 buckler
rNeg    . . .        d - +2 scale mail
rPois   .            (no helmet)
rElec   .            x - +1 cloak
rCorr   .            r - +2 pair of gloves
SInv    .            k - +0 pair of boots
Will    .....        B - amulet of regeneration
Stlth   +++          f - +6 ring of intelligence
HPRegen 1.15/turn    K - ring of protection from fire
MPRegen 0.17/turn

%: no passive effects
@: very slow
A: fangs 1, strong nose, distributed training
a: Renounce Religion, Bend Time


You were on level 11 of the Dungeon.
You worshipped Cheibriados.
Cheibriados was pleased with you.
You visited 2 branches of the dungeon, and saw 12 of its levels.

You collected 791 gold pieces.
You spent 195 gold pieces at shops.


Innate Abilities, Weirdness & Mutations

You have very sharp teeth.
Your uncanny sense of smell can sniff out nearby items.
Your experience applies equally to all skills.


   Skills:
 + Level 11.0 Fighting
 + Level 7.0 Short Blades
 + Level 7.0 Long Blades
 + Level 7.0 Axes
 + Level 7.0 Maces & Flails
 + Level 7.0 Polearms
 + Level 7.0 Staves
 + Level 7.0 Ranged Weapons
 + Level 7.0 Throwing
 + Level 9.7 Armour
 + Level 7.0 Dodging
 + Level 7.0 Stealth
 + Level 9.7 Shields
 + Level 7.0 Unarmed Combat
 + Level 7.0 Spellcasting
 + Level 5.8 Conjurations
 + Level 5.8 Hexes
 + Level 5.8 Summonings
 + Level 5.8 Necromancy
 + Level 5.8 Translocations
 + Level 5.8 Transmutations
 + Level 5.8 Fire Magic
 + Level 5.8 Ice Magic
 + Level 5.8 Air Magic
 + Level 5.8 Earth Magic
 + Level 5.8 Poison Magic
 + Level 7.7 Invocations
 + Level 7.0 Evocations


You had 16 spell levels left.
You knew the following spells:

 Your Spells              Type           Power      Damage    Failure   Level
a - Blink                 Tloc           60%        N/A       4%          2
b - Wereblood             Tmut           30%        N/A       4%          2
c - Manifold Assault      Tloc           30%        N/A       26%         4

Your spell library contained the following spells:

 Spells                   Type           Power      Damage    Failure   Level
 Beastly Appendage        Tmut           60%        N/A       2%          1
 Sandblast                Erth           60%        2d14      2%          1
 Cigotuvi's Dreadful Rot  Necr/Pois/Air  60%        N/A       4%          2
 Passwall                 Tmut/Erth      25%        N/A       4%          2
 Ignite Poison            Fire/Tmut/Pois 30%        N/A       8%          3
 Spider Form              Tmut/Pois      30%        N/A       8%          3
 Stone Arrow              Conj/Erth      60%        3d10      8%          3
 Dispel Undead            Necr           30%        3d14      26%         4
 Olgreb's Toxic Radiance  Pois           30%        N/A       26%         4
 Petrify                  Tmut/Erth      30%        N/A       26%         4
 Freezing Cloud           Conj/Ice/Air   15%        6-21      58%         5
 Metabolic Englaciation   Hex/Ice        15%        N/A       58%         5
 Death Channel            Necr           15%        N/A       99%         6
 Statue Form              Tmut/Erth      20%        N/A       99%         6
 Storm Form               Tmut/Air       15%        N/A       100%        7
 Discord                  Hex            15%        N/A       100%        8
 Ignition                 Fire           15%        3d6       100%        8

Inventory:

Hand Weapons
 a - a +0 dagger
 h - a +3 dagger of venom
   (You took it off a goblin on level 1 of the Dungeon)
 t - a +3 scimitar (weapon)
   (You took it off a wight on level 8 of the Dungeon)
Missiles
 y - 12 boomerangs
 z - 2 javelins
Armour
 c - a +0 buckler (worn)
 d - a +2 scale mail (worn)
 k - a +0 pair of boots (worn)
   (You found it on level 1 of the Dungeon)
 r - a +2 pair of gloves (worn)
   (You bought it in a shop on level 3 of the Dungeon)
 x - a +1 cloak (worn)
   (You found it on level 5 of the Dungeon)
 D - a +0 plate armour
   (You found it on level 7 of the Dungeon)
Jewellery
 e - a ring of ice
   (You took it off Fannar on level 10 of the Dungeon)
 f - a +6 ring of intelligence (left hand)
   (You found it on level 4 of the Dungeon)
 i - a ring of fire
   (You found it on level 2 of the Dungeon)
 B - an amulet of regeneration (around neck)
   (You found it on level 6 of the Dungeon)
 E - an amulet of magic regeneration
   (You found it on level 8 of the Dungeon)
 K - a ring of protection from fire (right hand)
   (You found it on level 10 of the Dungeon)
Wands
 o - a wand of quicksilver (1) (quivered)
   (You found it on level 9 of the Dungeon)
 s - a wand of polymorph (10)
   (You found it on level 5 of the Dungeon)
 H - a wand of charming (9)
   (You found it on level 10 of the Dungeon)
Scrolls
 b - 4 scrolls of teleportation
 j - 4 scrolls of enchant weapon
 n - 3 scrolls of poison
 G - a scroll of fog
Potions
 g - 3 potions of mutation
 l - a potion of might
 m - 2 potions of curing
 p - 2 potions of ambrosia
 q - 2 potions of lignification
 u - a potion of magic {unknown}
 v - a potion of attraction {unknown}
 w - 2 potions of resistance {unknown}
 A - a potion of berserk rage
 C - a potion of cancellation {unknown}
 F - a potion of brilliance {unknown}
 I - a potion of flight {unknown}

Dungeon Overview and Level Annotations

Branches:
Dungeon (11/15) Zot: 40315  Temple (1/1) D:4 Zot: 8749    Lair (0/5) D:10
    Orc: D:9-12

Altars:
Ashenzari
Cheibriados
Dithmenos
Elyvilon
Fedhas
Gozag
Hepliaklqana
Kikubaaqudgha
Makhleb
Nemelex Xobeh
Okawaru
Qazlal
Ru
Sif Muna
Trog
Uskayaw
Vehumet
Wu Jian
Xom
Yredelemnul
Zin
The Shining One

Shops:
D:3 [ D:9

= ######################
##...................<.
##..............@.......
#...............B.......
........................
........................
....................(...
........................
........................
........................
..........


You could see a boulder beetle.


Message History

Your Dodging skill increases to level 7!
Your Stealth skill increases to level 7!
Your Unarmed Combat skill increases to level 7!
Your Spellcasting skill increases to level 7!
Your Evocations skill increases to level 7! 😕 HP[+1] Unknown command.
Your magical contamination has completely faded away. 😕 HP[+4] MP[+1]
You regained 4 hp, and now have 85/93 hp.
Unknown command.
A boulder beetle is nearby! 😕 HP[+3]
You regained 3 hp, and now have 88/93 hp.
A boulder beetle is nearby!
Throw: 12 boomerangs
Press: ? - help, Q - select action, (/) - cycle Shift-Dir - straight line, f - boulder beetle
Aim: a boulder beetle (wandering, hasn't noticed you, 92% to hit)
You throw a boomerang.
The boomerang hits the boulder beetle but does no damage.
The boulder beetle curls into a ball and begins rolling! 😕 HP[+1] Throw: 12 boomerangs
Press: ? - help, Q - select action, (/) - cycle Shift-Dir - straight line, f/p - boulder beetle
Aim: a boulder beetle (rolling, 92% to hit)
You throw a boomerang.
The boomerang hits the boulder beetle. 😕 HP[+1]
Okay, then.
Casting: Manifold Assault (dangerous; 26% risk of failure)
Confirm with . or Enter, or press ? or * to list all spells.
Space momentarily warps into an impossible shape!
You barely miss the boulder beetle. 😕 HP[+1] MP[-3]
You lost 3 mp, and now have 12/21 mp.
Unknown command.
Casting: Manifold Assault (dangerous; 26% risk of failure)
Confirm with . or Enter, or press ? or * to list all spells.
Space momentarily warps into an impossible shape!
You hit the boulder beetle. 😎 HP[+2] MP[-4]
Your hp is fully restored (93).
You lost 4 mp, and now have 8/21 mp.
Unknown command.
You hit the boulder beetle but do no damage.
The boulder beetle hits you!!!
The boulder beetle stops rolling and uncurls. 😮 HP[-37]
You take 37 damage, and now have 56/93 hp.
MASSIVE DAMAGE!! (PAUSE)
You hit the boulder beetle but do no damage.
The boulder beetle bites you! 😮 HP[-6]
You take 6 damage, and now have 50/93 hp.
You hit the boulder beetle but do no damage.
The boulder beetle bites you but does no damage. 😮 HP[+2]
You regained 2 hp, and now have 52/93 hp.
You slice the boulder beetle!!
The boulder beetle misses you. 😮 HP[+1] MP[+1] Unknown command.
You hit the boulder beetle but do no damage.
You block the boulder beetle's attack. 😮 HP[+1]
You slash the boulder beetle! The boulder beetle bites you!
* * * LOW HITPOINT WARNING * * *
😨 HP[-13]
You take 13 damage, and now have 41/93 hp.
You hit the boulder beetle but do no damage.
You bite the boulder beetle, but do no damage.
The boulder beetle bites you.
* * * LOW HITPOINT WARNING * * *
The boulder beetle bites you but does no damage. 😨 HP[-5]
You take 5 damage, and now have 36/93 hp.
Unknown command.
Casting: Manifold Assault (dangerous; 26% risk of failure)
Confirm with . or Enter, or press ? or * to list all spells.
Okay, then.
Okay, then.
Aiming: Quicksilver Bolt
Press: ? - help, Shift-Dir - straight line, f/p - boulder beetle
Aim: a boulder beetle (moderately wounded, 100% to hit)
The bolt of dispelling energy hits the boulder beetle!!
The boulder beetle bites you!
* * * LOW HITPOINT WARNING * * *
😨 HP[-6]
You take 6 damage, and now have 30/93 hp.
Aiming: Quicksilver Bolt
Press: ? - help, Q - select action, (/) - cycle Shift-Dir - straight line, f/p - boulder beetle
Aim: a boulder beetle (heavily wounded, 100% to hit)
The bolt of dispelling energy hits the boulder beetle!
The boulder beetle bites you!!
* * * LOW HITPOINT WARNING * * *
😱 HP[-17]
You take 17 damage, and now have 13/93 hp.
Aiming: Quicksilver Bolt
Press: ? - help, Q - select action, (/) - cycle Shift-Dir - straight line, f/p - boulder beetle
Aim: a boulder beetle (severely wounded, 100% to hit)
The bolt of dispelling energy hits the boulder beetle!
The boulder beetle bites you!!
You die...

Skill      XL: |  1  2  3  4  5  6  7  8  9 10 11 |
---------------+----------------------------------+-----
Invocations    | 1 2 3 4 5 6 7 |  7.7
Short Blades   | 1 2 3 4 5 6 7 |  7.0
Long Blades    | 1 2 3 4 5 6 7 |  7.0
Axes           | 1 2 3 4 5 6 7 |  7.0
Maces & Flails | 1 2 3 4 5 6 7 |  7.0
Polearms       | 1 2 3 4 5 6 7 |  7.0
Staves         | 1 2 3 4 5 6 7 |  7.0
Ranged Weapons | 1 2 3 4 5 6 7 |  7.0
Throwing       | 1 2 3 4 5 6 7 |  7.0
Dodging        | 1 2 3 4 5 6 7 |  7.0
Stealth        | 1 2 3 4 5 6 7 |  7.0
Unarmed Combat | 1 2 3 4 5 6 7 |  7.0
Spellcasting   | 1 2 3 4 5 6 7 |  7.0
Evocations     | 1 2 3 4 5 6 7 |  7.0
Conjurations   | 1 2 3 4 5 |  5.8
Hexes          | 1 2 3 4 5 |  5.8
Summonings     | 1 2 3 4 5 |  5.8
Necromancy     | 1 2 3 4 5 |  5.8
Translocations | 1 2 3 4 5 |  5.8
Transmutations | 1 2 3 4 5 |  5.8
Fire Magic     | 1 2 3 4 5 |  5.8
Ice Magic      | 1 2 3 4 5 |  5.8
Air Magic      | 1 2 3 4 5 |  5.8
Earth Magic    | 1 2 3 4 5 |  5.8
Poison Magic   | 1 2 3 4 5 |  5.8
Armour         | 7 8 9 |  9.7
Shields        | 7 8 9 |  9.7
Fighting       | 9 10 11 | 11.0

Action                     |  1- 3 |  4- 6 |  7- 9 | 10-12 || total
---------------------------+-------+-------+-------+-------++-------
  Melee: Dagger            |   150 |   158 |   337 |       ||   645
         Bite              |    17 |    17 |    54 |    48 ||   136
         Scimitar          |       |       |    45 |   373 ||   418
  Throw: Boomerang         |       |       |     4 |    29 ||    33
         Throwing net      |       |       |       |     2 ||     2
         Javelin           |       |       |       |     8 ||     8
   Cast: Blink             |       |       |       |     1 ||     1
         Manifold Assault  |       |       |       |    13 ||    13
         Wereblood         |       |       |       |     6 ||     6
 Invoke: Bend Time         |       |       |       |    10 ||    10
  Evoke: Wand              |       |       |       |     3 ||     3
    Use: Scroll            |     4 |     7 |     4 |     7 ||    22
         Potion            |       |       |       |     6 ||     6
   Stab: Sleeping          |       |       |     3 |       ||     3
         Held in net/web   |       |       |       |     3 ||     3
 Armour: Scale mail        |    67 |    98 |   197 |   151 ||   513
         Plate armour      |       |       |       |    22 ||    22
         Skin              |       |       |       |     2 ||     2
  Dodge: Dodged            |    40 |    55 |   160 |   240 ||   495
  Block: Buckler           |    45 |    47 |   101 |   131 ||   324

Levels and vault maps discovered:
D:1:      lightli_arrival_windingriver, layout_basic, grunt_decor_one_mirror,
          chequers_mini_garden, minmay_close_crescents
D:2:      layout_loops_ring, minmay_tetromino_i4
D:3:      minmay_chambers_of_threes, layout_loops_ring,
          nicolae_overflow_crystal_walls, serial_shops, shop
D:4:      layout_cave_pools, nicolae_overflow_two_pavilions,
          minmay_temple_entry_grid
D:5:      layout_loops_corners, mainiacjoe_overflow_boulevard,
          fedhas_altar_fruit_tree
D:6:      layout_rooms, mainiacjoe_overflow_surrounded_room,
          lemuel_coloured_pillars_altar, mainiacjoe_overflow_catwalk,
          minmay_chambers_of_fives, uniq_duvessa
D:7:      layout_loops_cross, uniq_prince_ribbit1
D:8:      layout_basic, cheibrodos_ashenzari_chains, minmay_evil_grid,
          uniq_pikel
D:9:      layout_roguey, chequers_temple_overflow_minitemple, serial_shops,
          nicolae_shop_waterfront, kennysheep_path_1, hellmonk_bongcloud_opening
D:10:     layout_rooms, nicolae_gozag_cash_rules_everything_around_me,
          david_lair_shrubbed, serial_rivers, chequers_serial_rivers_small_3,
          chequers_serial_rivers_large_a, chequers_serial_rivers_small_a,
          chequers_serial_rivers_room_a, grunt_ministairs_2, uniq_fannar,
          uniq_maurice
D:11:     layout_big_octagon, kennysheep_flooded_box, lightli_wizard_tower
Temple:   hellmonk_temple_flake

Notes
Turn   | Place    | Note
-------+----------+-------------------------------------------
     0 | D:1      | ytrimaz the Gnoll Wanderer began the quest for the Orb.
     0 | D:1      | ytrimaz set off with the following items: a +0 dagger, 2
                  | scrolls of teleportation, a +0 buckler, a +2 scale mail.
     0 | D:1      | Reached XP level 1. HP: 26/26 MP: 1/1
     0 | D:1      | magus.rc [v1.9.6]
   120 | D:1      | Reached XP level 2. HP: 33/33 MP: 2/2
   446 | D:1      | Reached XP level 3. HP: 38/38 MP: 3/3
   860 | D:2      | Reached skill level 1 in Invocations
  1065 | D:2      | Reached skill level 1 in Short Blades
  1065 | D:2      | Reached skill level 1 in Long Blades
  1065 | D:2      | Reached skill level 1 in Axes
  1065 | D:2      | Reached skill level 1 in Maces & Flails
  1065 | D:2      | Reached skill level 1 in Polearms
  1065 | D:2      | Reached skill level 1 in Staves
  1065 | D:2      | Reached skill level 1 in Ranged Weapons
  1065 | D:2      | Reached skill level 1 in Throwing
  1065 | D:2      | Reached skill level 1 in Dodging
  1065 | D:2      | Reached skill level 1 in Stealth
  1065 | D:2      | Reached skill level 1 in Unarmed Combat
  1065 | D:2      | Reached skill level 1 in Spellcasting
  1065 | D:2      | Reached skill level 1 in Evocations
  1173 | D:2      | You add the spells Blink, Manifold Assault and Storm Form
                  | to your library.
  1265 | D:2      | Learned a level 2 spell: Blink
  1278 | D:2      | Reached XP level 4. HP: 45/45 MP: 5/5
  1760 | D:3      | Reached skill level 1 in Conjurations
  1760 | D:3      | Reached skill level 1 in Hexes
  1760 | D:3      | Reached skill level 1 in Summonings
  1760 | D:3      | Reached skill level 1 in Necromancy
  1760 | D:3      | Reached skill level 1 in Translocations
  1760 | D:3      | Reached skill level 1 in Transmutations
  1760 | D:3      | Reached skill level 1 in Fire Magic
  1760 | D:3      | Reached skill level 1 in Ice Magic
  1760 | D:3      | Reached skill level 1 in Air Magic
  1760 | D:3      | Reached skill level 1 in Earth Magic
  1760 | D:3      | Reached skill level 1 in Poison Magic
  1871 | D:3      | Found Cennibeq's Antique Armour Shoppe.
  1943 | D:3      | Found a shadowy altar of Dithmenos.
  2015 | D:3      | Reached XP level 5. HP: 51/51 MP: 7/7
  2562 | D:3      | Bought a pair of glowing gloves for 195 gold pieces
  2617 | D:4      | Found a staircase to the Ecumenical Temple.
  2625 | Temple   | Entered the Ecumenical Temple
  2799 | D:4      | Reached skill level 2 in Invocations
  2939 | D:4      | You pick up a book of Changes and begin reading...
  2939 | D:4      | You add the spells Beastly Appendage, Wereblood and Spider
                  | Form to your library.
  2960 | D:4      | Learned a level 2 spell: Wereblood
  2987 | D:4      | Reached XP level 6. HP: 57/57 MP: 8/8
  2991 | D:4      | You pick up a book of Decay and begin reading...
  2991 | D:4      | You add the spells Cigotuvi's Dreadful Rot, Dispel Undead
                  | and Death Channel to your library.
  3050 | D:4      | Reached skill level 2 in Short Blades
  3050 | D:4      | Reached skill level 2 in Long Blades
  3050 | D:4      | Reached skill level 2 in Axes
  3050 | D:4      | Reached skill level 2 in Maces & Flails
  3050 | D:4      | Reached skill level 2 in Polearms
  3050 | D:4      | Reached skill level 2 in Staves
  3050 | D:4      | Reached skill level 2 in Ranged Weapons
  3050 | D:4      | Reached skill level 2 in Throwing
  3050 | D:4      | Reached skill level 2 in Dodging
  3050 | D:4      | Reached skill level 2 in Stealth
  3050 | D:4      | Reached skill level 2 in Unarmed Combat
  3050 | D:4      | Reached skill level 2 in Spellcasting
  3050 | D:4      | Reached skill level 2 in Evocations
  3060 | D:4      | Identified the +3 leather armour of Supple Strength {rPois
                  | Will- Stlth+}
  3404 | D:4      | Found an ornate altar of the Wu Jian Council.
  3404 | D:4      | Found a stormy altar of Qazlal.
  3459 | D:5      | Entered Level 5 of the Dungeon
  3464 | D:5      | Noticed a black bear
  3472 | D:5      | Killed a black bear
  3579 | D:5      | Found a blossoming altar of Fedhas.
  3771 | D:5      | Reached skill level 7 in Armour
  3771 | D:5      | Reached skill level 7 in Shields
  3771 | D:5      | Reached XP level 7. HP: 63/63 MP: 10/10
  3824 | D:5      | Reached skill level 2 in Conjurations
  3824 | D:5      | Reached skill level 2 in Hexes
  3824 | D:5      | Reached skill level 2 in Summonings
  3824 | D:5      | Reached skill level 2 in Necromancy
  3824 | D:5      | Reached skill level 2 in Translocations
  3824 | D:5      | Reached skill level 2 in Transmutations
  3824 | D:5      | Reached skill level 2 in Fire Magic
  3824 | D:5      | Reached skill level 2 in Ice Magic
  3824 | D:5      | Reached skill level 2 in Air Magic
  3824 | D:5      | Reached skill level 2 in Earth Magic
  3824 | D:5      | Reached skill level 2 in Poison Magic
  4098 | D:5      | Reached skill level 9 in Fighting
  4184 | D:5      | Reached skill level 3 in Invocations
  4232 | D:5      | You add the spells Ignite Poison and Freezing Cloud to your
                  | library.
  4245 | D:5      | Found a hazy altar of Hepliaklqana.
  4711 | D:6      | Found a glowing silver altar of Zin.
  4744 | D:6      | Reached skill level 3 in Short Blades
  4744 | D:6      | Reached skill level 3 in Long Blades
  4744 | D:6      | Reached skill level 3 in Axes
  4744 | D:6      | Reached skill level 3 in Maces & Flails
  4744 | D:6      | Reached skill level 3 in Polearms
  4744 | D:6      | Reached skill level 3 in Staves
  4744 | D:6      | Reached skill level 3 in Ranged Weapons
  4744 | D:6      | Reached skill level 3 in Throwing
  4744 | D:6      | Reached skill level 3 in Dodging
  4744 | D:6      | Reached skill level 3 in Stealth
  4744 | D:6      | Reached skill level 3 in Unarmed Combat
  4744 | D:6      | Reached skill level 3 in Spellcasting
  4744 | D:6      | Reached skill level 3 in Evocations
  4744 | D:6      | Reached XP level 8. HP: 52/71 MP: 12/12
  4810 | D:6      | Noticed Duvessa
  4828 | D:6      | Noticed Dowan
  4842 | D:6      | Killed Duvessa
  4860 | D:6      | Killed Dowan
  4975 | D:6      | Found a bloodstained altar of Trog.
  5163 | D:6      | Reached skill level 3 in Conjurations
  5163 | D:6      | Reached skill level 3 in Hexes
  5163 | D:6      | Reached skill level 3 in Summonings
  5163 | D:6      | Reached skill level 3 in Necromancy
  5163 | D:6      | Reached skill level 3 in Translocations
  5163 | D:6      | Reached skill level 3 in Transmutations
  5163 | D:6      | Reached skill level 3 in Fire Magic
  5163 | D:6      | Reached skill level 3 in Ice Magic
  5163 | D:6      | Reached skill level 3 in Air Magic
  5163 | D:6      | Reached skill level 3 in Earth Magic
  5163 | D:6      | Reached skill level 3 in Poison Magic
  5163 | D:6      | Reached skill level 4 in Invocations
  5394 | D:6      | Found a snail-covered altar of Cheibriados.
  5403 | D:6      | Became a worshipper of Cheibriados the Contemplative
  5409 | D:6      | Learned a level 4 spell: Manifold Assault
  5636 | D:7      | Reached skill level 4 in Short Blades
  5636 | D:7      | Reached skill level 4 in Long Blades
  5636 | D:7      | Reached skill level 4 in Axes
  5636 | D:7      | Reached skill level 4 in Maces & Flails
  5636 | D:7      | Reached skill level 4 in Polearms
  5636 | D:7      | Reached skill level 4 in Staves
  5636 | D:7      | Reached skill level 4 in Ranged Weapons
  5636 | D:7      | Reached skill level 4 in Throwing
  5636 | D:7      | Reached skill level 4 in Dodging
  5636 | D:7      | Reached skill level 4 in Stealth
  5636 | D:7      | Reached skill level 4 in Unarmed Combat
  5636 | D:7      | Reached skill level 4 in Spellcasting
  5636 | D:7      | Reached skill level 4 in Evocations
  5636 | D:7      | Reached XP level 9. HP: 69/77 MP: 13/15
  5844 | D:7      | You add the spells Olgreb's Toxic Radiance, Ignition and
                  | Discord to your library.
  5974 | D:7      | Noticed Prince Ribbit
  5988 | D:7      | Killed Prince Ribbit
  6240 | D:8      | Noticed Pikel
  6295 | D:8      | Killed Pikel
  6296 | D:8      | Reached skill level 8 in Armour
  6296 | D:8      | Reached skill level 8 in Shields
  6296 | D:8      | Reached skill level 5 in Invocations
  6389 | D:8      | Found a broken altar of Ashenzari.
  6486 | D:8      | Reached * piety under Cheibriados
  6561 | D:8      | You pick up a book of Sloth and begin reading...
  6561 | D:8      | You add the spells Petrify, Metabolic Englaciation and
                  | Statue Form to your library.
  6581 | D:8      | Noticed a manticore
  6590 | D:8      | Reached skill level 4 in Conjurations
  6590 | D:8      | Reached skill level 4 in Hexes
  6590 | D:8      | Reached skill level 4 in Summonings
  6590 | D:8      | Reached skill level 4 in Necromancy
  6590 | D:8      | Reached skill level 4 in Translocations
  6590 | D:8      | Reached skill level 4 in Transmutations
  6590 | D:8      | Reached skill level 4 in Fire Magic
  6590 | D:8      | Reached skill level 4 in Ice Magic
  6590 | D:8      | Reached skill level 4 in Air Magic
  6590 | D:8      | Reached skill level 4 in Earth Magic
  6590 | D:8      | Reached skill level 4 in Poison Magic
  6605 | D:8      | Killed a manticore
  6606 | D:8      | Reached skill level 10 in Fighting
  6606 | D:8      | Reached skill level 5 in Short Blades
  6606 | D:8      | Reached skill level 5 in Long Blades
  6606 | D:8      | Reached skill level 5 in Axes
  6606 | D:8      | Reached skill level 5 in Maces & Flails
  6606 | D:8      | Reached skill level 5 in Polearms
  6606 | D:8      | Reached skill level 5 in Staves
  6606 | D:8      | Reached skill level 5 in Ranged Weapons
  6606 | D:8      | Reached skill level 5 in Throwing
  6606 | D:8      | Reached skill level 5 in Dodging
  6606 | D:8      | Reached skill level 5 in Stealth
  6606 | D:8      | Reached skill level 5 in Unarmed Combat
  6606 | D:8      | Reached skill level 5 in Spellcasting
  6606 | D:8      | Reached skill level 5 in Evocations
  6606 | D:8      | Reached XP level 10. HP: 40/85 MP: 17/17
  6667 | D:8      | Noticed a wizard
  6820 | D:8      | Noticed a centaur warrior
  6832 | D:8      | Killed a centaur warrior
  6869 | D:8      | Reached skill level 6 in Invocations
  6888 | D:8      | Noticed a cyclops
  6888 | D:8      | Noticed a skeletal warrior
  6902 | D:8      | HP: 21/85 [cyclops (15)]
  6904 | D:8      | Killed a cyclops
  7023 | D:8      | You pick up a book of Geomancy and begin reading...
  7023 | D:8      | You add the spells Sandblast, Passwall and Stone Arrow to
                  | your library.
  7106 | D:8      | Killed a skeletal warrior
  7165 | D:8      | Noticed a skeletal warrior
  7226 | D:8      | HP: 22/129 [skeletal warrior/+0 battleaxe (22)]
  7244 | D:8      | HP: 46/193 [skeletal warrior/+0 battleaxe (11)]
  7245 | D:8      | Killed a skeletal warrior
  7246 | D:8      | Noticed a boulder beetle
  7257 | D:8      | HP: 15/86 [boulder beetle (10)]
  7420 | D:9      | Reached skill level 6 in Short Blades
  7420 | D:9      | Reached skill level 6 in Long Blades
  7420 | D:9      | Reached skill level 6 in Axes
  7420 | D:9      | Reached skill level 6 in Maces & Flails
  7420 | D:9      | Reached skill level 6 in Polearms
  7420 | D:9      | Reached skill level 6 in Staves
  7420 | D:9      | Reached skill level 6 in Ranged Weapons
  7420 | D:9      | Reached skill level 6 in Throwing
  7420 | D:9      | Reached skill level 9 in Armour
  7420 | D:9      | Reached skill level 6 in Dodging
  7420 | D:9      | Reached skill level 6 in Stealth
  7420 | D:9      | Reached skill level 9 in Shields
  7420 | D:9      | Reached skill level 6 in Unarmed Combat
  7420 | D:9      | Reached skill level 6 in Spellcasting
  7420 | D:9      | Reached skill level 6 in Evocations
  7504 | D:9      | Reached skill level 5 in Conjurations
  7504 | D:9      | Reached skill level 5 in Hexes
  7504 | D:9      | Reached skill level 5 in Summonings
  7504 | D:9      | Reached skill level 5 in Necromancy
  7504 | D:9      | Reached skill level 5 in Translocations
  7504 | D:9      | Reached skill level 5 in Transmutations
  7504 | D:9      | Reached skill level 5 in Fire Magic
  7504 | D:9      | Reached skill level 5 in Ice Magic
  7504 | D:9      | Reached skill level 5 in Air Magic
  7504 | D:9      | Reached skill level 5 in Earth Magic
  7504 | D:9      | Reached skill level 5 in Poison Magic
  7506 | D:9      | Reached XP level 11. HP: 39/92 MP: 16/20
  7709 | D:9      | Found a radiant altar of Vehumet.
  7709 | D:9      | Found a sacrificial altar of Ru.
  7718 | D:9      | Found a faded altar of an unknown god.
  7720 | D:9      | Found a hide-covered altar of Uskayaw.
  7722 | D:9      | Found a sparkling altar of Nemelex Xobeh.
  7830 | D:9      | Reached ** piety under Cheibriados
  7964 | D:9      | Found Xoll's Jewellery Shop.
  8246 | D:10     | Entered Level 10 of the Dungeon
  8246 | D:10     | Noticed Maurice
  8274 | D:10     | Killed Maurice
  8275 | D:10     | Reached skill level 7 in Invocations
  8290 | D:10     | Noticed a two-headed ogre
  8308 | D:10     | Killed a two-headed ogre
  8625 | D:10     | Found an opulent altar of Gozag.
  8924 | D:10     | Noticed a two-headed ogre
  8935 | D:10     | HP: 19/92 [two-headed ogre/+0 giant spiked club (15)]
  8937 | D:10     | Killed a two-headed ogre
  8939 | D:10     | Noticed Fannar
  9116 | D:10     | HP: 20/92 [Fannar/bolt of cold (18)]
  9244 | D:10     | Killed Fannar
  9326 | D:10     | Found a staircase to the Lair.
  9327 | D:10     | Noticed a cyclops
  9357 | D:10     | Killed a cyclops
  9358 | D:10     | Reached skill level 11 in Fighting
  9520 | D:10     | Upgraded the game from 0.31-a0-18-gea43df2a32 to
                  | 0.31-a0-37-g98a128e1d9
  9520 | D:10     | magus.rc [v1.9.6]
  9555 | D:11     | Noticed a cyclops
  9556 | D:11     | Noticed a boulder beetle
  9674 | D:11     | Killed a cyclops
  9675 | D:11     | Reached skill level 7 in Short Blades
  9675 | D:11     | Reached skill level 7 in Long Blades
  9675 | D:11     | Reached skill level 7 in Axes
  9675 | D:11     | Reached skill level 7 in Maces & Flails
  9675 | D:11     | Reached skill level 7 in Polearms
  9675 | D:11     | Reached skill level 7 in Staves
  9675 | D:11     | Reached skill level 7 in Ranged Weapons
  9675 | D:11     | Reached skill level 7 in Throwing
  9675 | D:11     | Reached skill level 7 in Dodging
  9675 | D:11     | Reached skill level 7 in Stealth
  9675 | D:11     | Reached skill level 7 in Unarmed Combat
  9675 | D:11     | Reached skill level 7 in Spellcasting
  9675 | D:11     | Reached skill level 7 in Evocations
  9693 | D:11     | HP: 13/93 [boulder beetle (18)]
  9694 | D:11     | Slain by a boulder beetle

Vanquished Creatures
  Fannar (D:10)
  A centaur warrior (D:8)
  2 two-headed ogres (D:10)
  2 skeletal warriors (D:8)
  Pikel (D:8)
  A manticore (D:8)
  3 cyclopes
  Maurice (D:10)
  An unseen horror (D:11)
  A tengu conjurer (D:8)
  A komodo dragon (D:10)
  A troll (D:10)
  A tarantella (shapeshifter) (D:8)
  Prince Ribbit (D:7)
  A shadow (D:8)
  4 yaks (D:9)
  2 wraiths (D:10)
  2 steam dragons (D:9)
  3 vampire mosquitoes (D:10)
  An acid dragon (D:6)
  6 water moccasins
  Duvessa (D:6)
  An ice beast (D:7)
  2 orc warriors
  A black bear (D:5)
  A sky beast (D:6)
  2 centaurs (D:9)
  A phantom (D:5)
  A kobold brigand (D:10)
  4 bullfrogs
  2 scorpions
  9 wights
  Dowan (D:6)
  8 killer bees (D:9)
  3 jellies
  3 hounds
  An orc priest (D:10)
  A sleepcap (D:6)
  4 iguanas
  6 orc wizards
  3 gnolls
  11 adders
  A shadow imp (D:7)
  2 white imps
  3 ufetubi
  A worm (D:2)
  A dart slug (D:5)
  24 orcs
  13 endoplasms
  12 goblins
  5 hobgoblins
  3 jackals (D:1)
  9 kobolds
  5 quokkas
  8 ball pythons
  3 bats
  4 frilled lizards
  6 rats
203 creatures vanquished.

Vanquished Creatures (others)
  An orc (D:6)
1 creature vanquished.

Grand Total: 204 creatures vanquished

Table legend:
 A = Non-vault XP
 B = Vault XP
 C = Vault XP percentage of total XP
 D = Non-vault monster count
 E = Vault monster count
 F = Vault count percentage of total count
                 A         B        C        D         E       F
            +---------+---------+-------+---------+---------+-------
      Total |    9621 |    8021 |  45.5 |     160 |      43 |  21.2
            +---------+---------+-------+---------+---------+-------
        D:1 |      34 |       7 |  17.1 |      21 |       4 |  16.0
        D:2 |      49 |       4 |   7.5 |      17 |       2 |  10.5
        D:3 |     115 |      56 |  32.7 |      19 |      12 |  38.7
        D:4 |     129 |       0 |   0.0 |      11 |       0 |   0.0
        D:5 |     651 |       0 |   0.0 |      13 |       0 |   0.0
        D:6 |     418 |     729 |  63.6 |      13 |       7 |  35.0
        D:7 |     561 |     241 |  30.0 |       8 |       1 |  11.1
        D:8 |    1343 |    4336 |  76.4 |      15 |       8 |  34.8
        D:9 |    2656 |       0 |   0.0 |      28 |       0 |   0.0
       D:10 |    2736 |    2648 |  49.2 |      13 |       9 |  40.9
       D:11 |     929 |       0 |   0.0 |       2 |       0 |   0.0
            +---------+---------+-------+---------+---------+-------

Skill      XL: |  1  2  3  4  5  6  7  8  9 10 11 |
---------------+----------------------------------+-----
Invocations    | 1 2 3 4 5 6 7 |  7.7
Short Blades   | 1 2 3 4 5 6 7 |  7.0
Long Blades    | 1 2 3 4 5 6 7 |  7.0
Axes           | 1 2 3 4 5 6 7 |  7.0
Maces & Flails | 1 2 3 4 5 6 7 |  7.0
Polearms       | 1 2 3 4 5 6 7 |  7.0
Staves         | 1 2 3 4 5 6 7 |  7.0
Ranged Weapons | 1 2 3 4 5 6 7 |  7.0
Throwing       | 1 2 3 4 5 6 7 |  7.0
Dodging        | 1 2 3 4 5 6 7 |  7.0
Stealth        | 1 2 3 4 5 6 7 |  7.0
Unarmed Combat | 1 2 3 4 5 6 7 |  7.0
Spellcasting   | 1 2 3 4 5 6 7 |  7.0
Evocations     | 1 2 3 4 5 6 7 |  7.0
Conjurations   | 1 2 3 4 5 |  5.8
Hexes          | 1 2 3 4 5 |  5.8
Summonings     | 1 2 3 4 5 |  5.8
Necromancy     | 1 2 3 4 5 |  5.8
Translocations | 1 2 3 4 5 |  5.8
Transmutations | 1 2 3 4 5 |  5.8
Fire Magic     | 1 2 3 4 5 |  5.8
Ice Magic      | 1 2 3 4 5 |  5.8
Air Magic      | 1 2 3 4 5 |  5.8
Earth Magic    | 1 2 3 4 5 |  5.8
Poison Magic   | 1 2 3 4 5 |  5.8
Armour         | 7 8 9 |  9.7
Shields        | 7 8 9 |  9.7
Fighting       | 9 10 11 | 11.0

Action                     |  1- 3 |  4- 6 |  7- 9 | 10-12 || total
---------------------------+-------+-------+-------+-------++-------
  Melee: Dagger            |   150 |   158 |   337 |       ||   645
         Bite              |    17 |    17 |    54 |    48 ||   136
         Scimitar          |       |       |    45 |   373 ||   418
  Throw: Boomerang         |       |       |     4 |    29 ||    33
         Throwing net      |       |       |       |     2 ||     2
         Javelin           |       |       |       |     8 ||     8
   Cast: Blink             |       |       |       |     1 ||     1
         Manifold Assault  |       |       |       |    13 ||    13
         Wereblood         |       |       |       |     6 ||     6
 Invoke: Bend Time         |       |       |       |    10 ||    10
  Evoke: Wand              |       |       |       |     3 ||     3
    Use: Scroll            |     4 |     7 |     4 |     7 ||    22
         Potion            |       |       |       |     6 ||     6
   Stab: Sleeping          |       |       |     3 |       ||     3
         Held in net/web   |       |       |       |     3 ||     3
 Armour: Scale mail        |    67 |    98 |   197 |   151 ||   513
         Plate armour      |       |       |       |    22 ||    22
         Skin              |       |       |       |     2 ||     2
  Dodge: Dodged            |    40 |    55 |   160 |   240 ||   495
  Block: Buckler           |    45 |    47 |   101 |   131 ||   324

Illustrated notes

Table legend:
 A = Kills in this place as a percentage of kills in the entire game.
 B = Kills by you in this place as a percentage of kills by you in the entire game.
 C = Kills by friends in this place as a percentage of kills by friends in the entire game.
 D = Other kills in this place as a percentage of other kills in the entire game.
 E = Experience gained in this place as a percentage of experience gained in the entire game.
 F = Experience gained in this place divided by the number of levels of this place that you have seen.
                   A       B       C       D       E      F
               +-------+-------+-------+-------+-------+----------------------
         Total | 100.0 | 100.0 |   N/A |   N/A | 100.0 | 1470.2
       Dungeon | 100.0 | 100.0 |   N/A |   N/A | 100.0 | 1603.8
               +-------+-------+-------+-------+-------+----------------------

Table legend: (Time is in decaauts)
 A = Elapsed time spent in this place.
 B = Non-inter-level travel time spent in this place.
 C = Inter-level travel time spent in this place.
 D = Time resting spent in this place.
 E = Time spent auto-exploring this place.
 F = Levels seen in this place.
 G = Mean time per level.
                   A        B        C        D        E       F      G
               +--------+--------+--------+--------+--------+-----+--------+
         Total |  10798 |  10385 |    413 |    378 |   7594 |  12 |  899.8 |
       Dungeon |  10631 |  10227 |    404 |    378 |   7448 |  11 |  966.5 |
        Temple |    167 |    158 |      9 |      0 |    146 |   1 |  167.0 |
               +--------+--------+--------+--------+--------+-----+--------+

Top non-repeatable levels by time:
    D:10: 1727 daAuts
     D:8: 1337 daAuts
     D:9: 1189 daAuts
     D:5: 1098 daAuts
     D:6: 965 daAuts
     D:3: 898 daAuts
     D:7: 869 daAuts
     D:1: 856 daAuts
     D:2: 844 daAuts
     D:4: 693 daAuts
  Temple: 167 daAuts
    D:11: 149 daAuts
